 Dungeon Crawl Stone Soup version 0.29.1-1-gd02db6906a (webtiles) character file.

Game seed: 4815493415575247710

438 MisterFreud the Nimble (level 7, -1/60 HPs)
             Began as a Gnoll Wanderer on Sept 19, 2022.
             Was an Initiate of Yredelemnul.
             Slain by an orc warrior
             ... wielding a +2 halberd of holy wrath
              (9 damage)
             ... on level 6 of the Dungeon.
             The game lasted 00:05:09 (4819 turns).

MisterFreud the Nimble (Gnoll Wanderer)             Turns: 4819, Time: 00:05:09

Health: -1/60      AC:  8    Str:  8    XL:     7   Next: 1%
Magic:  10/10      EV: 16    Int: 11    God:    Yredelemnul [......]
Gold:   280        SH:  0    Dex: 17    Spells: 10/10 levels left

rFire   . . .      SeeInvis .   a - +1 quarterstaff
rCold   . . .      Faith    .   (shield currently unavailable)
rNeg    . . .      Spirit   .   b - +3 leather armour
rPois   .          Reflect  .   o - +0 helmet
rElec   .          Harm     .   g - +0 cloak
rCorr   .          Rampage  .   (no gloves)
Will    .....                   (no boots)
Stlth   ++........              (no amulet)
HPRegen 0.20/turn               (no ring)
MPRegen 0.12/turn               (no ring)

@: no status effects
A: fangs 1, strong nose, distributed training
a: Renounce Religion, Recall Undead Harvest


You were on level 6 of the Dungeon.
You worshipped Yredelemnul.
Yredelemnul was noncommittal.
You visited 2 branches of the dungeon, and saw 7 of its levels.

You collected 280 gold pieces.

Inventory:

Hand Weapons
 a - a +1 quarterstaff (weapon)
Missiles
 f - 5 javelins
 m - 20 poisoned darts (quivered)
Armour
 b - a +3 leather armour (worn)
 g - a +0 cloak (worn)
 o - a +0 helmet (worn)
 p - an orb of light
Jewellery
 h - a ring of positive energy
Wands
 l - a wand of flame (21)
Scrolls
 q - a scroll of identify
 r - 2 scrolls of magic mapping
Potions
 c - 2 potions of attraction
 d - 5 potions of curing
 e - 2 potions of resistance
 i - a potion of flight
 j - a potion of mutation
 k - 3 potions of brilliance
 n - a potion of invisibility


   Skills:
 + Level 7.0 Fighting
 + Level 2.3 Short Blades
 + Level 2.3 Long Blades
 + Level 2.3 Axes
 + Level 2.3 Maces & Flails
 + Level 2.3 Polearms
 + Level 5.1 Staves
 + Level 2.3 Ranged Weapons
 + Level 3.5 Throwing
 + Level 2.3 Armour
 + Level 8.8 Dodging
 + Level 2.3 Stealth
 + Level 2.3 Shields
 + Level 2.3 Unarmed Combat
 + Level 2.3 Spellcasting
 + Level 1.8 Conjurations
 + Level 1.8 Hexes
 + Level 1.8 Summonings
 + Level 1.8 Necromancy
 + Level 1.8 Translocations
 + Level 1.8 Transmutations
 + Level 1.8 Fire Magic
 + Level 1.8 Ice Magic
 + Level 1.8 Air Magic
 + Level 1.8 Earth Magic
 + Level 1.8 Poison Magic
 + Level 2.5 Invocations
 + Level 2.3 Evocations


You had 10 spell levels left.
You didn't know any spells.
Your spell library contained the following spells:

 Spells                   Type           Power      Damage    Failure   Level
 Apportation              Tloc           10%        N/A       19%         1
 Necrotise                Necr           20%        1d5       19%         1
 Summon Small Mammal      Summ           20%        N/A       19%         1
 Blink                    Tloc           10%        N/A       28%         2
 Ensorcelled Hibernation  Hex/Ice        10%        N/A       28%         2
 Passwall                 Tmut/Erth      4%         N/A       28%         2
 Lesser Beckoning         Tloc           5%         N/A       50%         3
 Ozocubu's Armour         Ice            5%         N/A       50%         3
 Swiftness                Air            5%         N/A       50%         3
 Vampiric Draining        Necr           5%         2d6       50%         3
 Agony                    Necr           5%         N/A       99%         5
 Alistair's Intoxication  Tmut/Pois      3%         N/A       99%         5
 Manifold Assault         Tloc           5%         N/A       99%         5
 Metabolic Englaciation   Hex/Ice        2%         N/A       99%         5
 Simulacrum               Ice/Necr       Unusable   N/A       N/A         6

Dungeon Overview and Level Annotations

Branches:
Dungeon (6/15)             Temple (1/1) D:4

Altars:
Ashenzari
Cheibriados
Dithmenos
Elyvilon
Fedhas
Gozag
Hepliaklqana
Kikubaaqudgha
Makhleb
Nemelex Xobeh
Okawaru
Qazlal
Ru
Sif Muna
Trog
Uskayaw
Vehumet
Wu Jian
Xom
Yredelemnul
Zin
The Shining One


Innate Abilities, Weirdness & Mutations

You have very sharp teeth.
Your uncanny sense of smell can sniff out nearby items.
Your experience applies equally to all skills.


Message History

Beogh smites you!
There is an open door here.
You hit the ice beast.
The ice beast is lightly wounded.
The ice beast hits you but does no damage.
You hit the ice beast.
The ice beast is moderately wounded.
The ice beast closely misses you.
The orc warrior hits you from afar with a +2 halberd of holy wrath!
You thump the ice beast!
The ice beast is almost dead.
The ice beast hits you but does no damage.
The orc warrior barely misses you.
You hit the ice beast but do no damage.
You bite the ice beast, but do no damage.
The ice beast is almost dead.
The ice beast hits you but does no damage.
The orc warrior misses you.
You hit the ice beast.
The ice beast is almost dead.
The ice beast misses you.
The orc warrior hits you from afar with a +2 halberd of holy wrath!
* * * LOW HITPOINT WARNING * * *
You hit the ice beast.
You kill the ice beast!
The orc priest calls down the wrath of Beogh upon you.
You barely resist. The orc warrior barely misses you.
Your Fighting skill increases to level 7!
You have reached level 7!
The orc priest invokes the aid of Beogh against you.
Pain shoots through your body!
* * * LOW HITPOINT WARNING * * *
Found a scroll of immolation.
Found a ring mail.
Okay, then.
Found an escape hatch in the floor.
There is an escape hatch in the floor here.
The orc warrior hits you from afar with a +2 halberd of holy wrath!
You die...
Your body rises from the dead as a mindless zombie.

##...........'.
#.......o..oo#.
#.......##+###.
+...##..# #.
##..##..##...#.
#####....?......#.
#...o.o..[.##...#.
#..o.......######.
#@.##..##..##...'.
#..##..##+###...#.
#..##..# #....#.
....#..# ##...#.
#....#..# #...#.
#...##..# #.....
#...# ..# #<....
#...# #....#
#...##


You could see an orc warrior, an orc priest and an orc.

Vanquished Creatures
  Duvessa (D:4)
  An ice beast (D:6)
  Dowan (D:4)
  A hound (D:4)
  2 iguanas
  A gnoll (D:5)
  4 adders
  2 worms (D:2)
  3 dart slugs
  An orc (D:4)
  4 ball pythons
  13 endoplasms
  4 goblins
  9 hobgoblins
  2 quokkas
  7 bats
  3 frilled lizards
  9 kobolds
  6 rats
74 creatures vanquished.

Vanquished Creatures (others)
  A gnoll zombie (D:5)
  A quokka (D:4)
  A hobgoblin zombie (D:4)
3 creatures vanquished.

Grand Total: 77 creatures vanquished

Notes
Turn   | Place    | Note
-------+----------+-------------------------------------------
     0 | D:1      | MisterFreud the Gnoll Wanderer began the quest for the Orb.
     0 | D:1      | MisterFreud set off with the following items: a +0
                  | quarterstaff, a +2 leather armour, a potion of attraction,
                  | a potion of curing.
     0 | D:1      | Reached XP level 1. HP: 23/23 MP: 1/1
    41 | D:1      | Reached XP level 2. HP: 15/29 MP: 2/2
   646 | D:1      | Reached XP level 3. HP: 35/35 MP: 3/3
   699 | D:1      | Found a faded altar of an unknown god.
   833 | D:1      | Reached skill level 1 in Invocations
  1362 | D:2      | Reached skill level 1 in Short Blades
  1362 | D:2      | Reached skill level 1 in Long Blades
  1362 | D:2      | Reached skill level 1 in Axes
  1362 | D:2      | Reached skill level 1 in Maces & Flails
  1362 | D:2      | Reached skill level 1 in Polearms
  1362 | D:2      | Reached skill level 1 in Ranged Weapons
  1362 | D:2      | Reached skill level 1 in Armour
  1362 | D:2      | Reached skill level 1 in Stealth
  1362 | D:2      | Reached skill level 1 in Shields
  1362 | D:2      | Reached skill level 1 in Unarmed Combat
  1362 | D:2      | Reached skill level 1 in Spellcasting
  1362 | D:2      | Reached skill level 1 in Evocations
  1585 | D:2      | Reached XP level 4. HP: 41/41 MP: 5/5
  1838 | D:2      | Reached skill level 1 in Conjurations
  1838 | D:2      | Reached skill level 1 in Hexes
  1838 | D:2      | Reached skill level 1 in Summonings
  1838 | D:2      | Reached skill level 1 in Necromancy
  1838 | D:2      | Reached skill level 1 in Translocations
  1838 | D:2      | Reached skill level 1 in Transmutations
  1838 | D:2      | Reached skill level 1 in Fire Magic
  1838 | D:2      | Reached skill level 1 in Ice Magic
  1838 | D:2      | Reached skill level 1 in Air Magic
  1838 | D:2      | Reached skill level 1 in Earth Magic
  1838 | D:2      | Reached skill level 1 in Poison Magic
  3116 | D:4      | Reached XP level 5. HP: 45/47 MP: 5/7
  3164 | D:4      | Found a staircase to the Ecumenical Temple.
  3181 | Temple   | Entered the Ecumenical Temple
  3361 | Temple   | Became a worshipper of Yredelemnul the Dark
  3496 | D:4      | Noticed Duvessa
  3499 | D:4      | Noticed Dowan
  3525 | D:4      | Killed Duvessa
  3526 | D:4      | Reached XP level 6. HP: 43/53 MP: 8/8
  3542 | D:4      | Killed Dowan
  3542 | D:4      | Reached * piety under Yredelemnul
  3543 | D:4      | Reached skill level 5 in Staves
  3897 | D:4      | Found a hide-covered altar of Uskayaw.
  4292 | D:5      | Entered Level 5 of the Dungeon
  4780 | D:6      | Noticed an orc warrior
  4780 | D:6      | Noticed an ice beast
  4803 | D:6      | Killed an ice beast
  4804 | D:6      | Reached XP level 7. HP: 8/60 MP: 10/10
  4819 | D:6      | Slain by an orc warrior

Illustrated notes

Levels and vault maps discovered:
D:1:      erik_arrival_triangle_small, layout_basic,
          hellmonk_ecumenical_altar_leap_of_faith, amcnicky_mini_pool_small
D:2:      layout_basic
D:3:      layout_loops_corners, serial_rivers, chequers_serial_rivers_micro_c,
          chequers_serial_rivers_micro_e, chequers_serial_rivers_marsh,
          chequers_serial_rivers_micro_a, chequers_serial_rivers_micro_c,
          chequers_serial_rivers_small_3
D:4:      layout_loops_corners, overflow_temple_1_default, temple_fountains,
          minmay_misc_feat_nine_boxes, small_statue_intersection, uniq_duvessa
D:5:      layout_basic, minmay_increasing_density
D:6:      layout_gridville
Temple:   mainiacjoe_temple_starburst

Skill      XL: |  1  2  3  4  5  6 |
---------------+-------------------+-----
Invocations    | 1 2 |  2.5
Short Blades   | 1 2 |  2.3
Long Blades    | 1 2 |  2.3
Axes           | 1 2 |  2.3
Maces & Flails | 1 2 |  2.3
Polearms       | 1 2 |  2.3
Ranged Weapons | 1 2 |  2.3
Armour         | 1 2 |  2.3
Stealth        | 1 2 |  2.3
Shields        | 1 2 |  2.3
Unarmed Combat | 1 2 |  2.3
Spellcasting   | 1 2 |  2.3
Evocations     | 1 2 |  2.3
Conjurations   | 1 |  1.8
Hexes          | 1 |  1.8
Summonings     | 1 |  1.8
Necromancy     | 1 |  1.8
Translocations | 1 |  1.8
Transmutations | 1 |  1.8
Fire Magic     | 1 |  1.8
Ice Magic      | 1 |  1.8
Air Magic      | 1 |  1.8
Earth Magic    | 1 |  1.8
Poison Magic   | 1 |  1.8
Throwing       | 3 |  3.5
Staves         | 5 |  5.1
Fighting       | 7 |  7.0
Dodging        | |  8.8

Action                   |  1- 3 |  4- 6 |  7- 9 || total
-------------------------+-------+-------+-------++-------
Melee: Quarterstaff      |   107 |   147 |       ||   254
       Bite              |     9 |    17 |       ||    26
  Use: Scroll            |       |    12 |       ||    12
       Potion            |       |     1 |       ||     1
 Stab: Sleeping          |     3 |     4 |       ||     7
       Invisible         |       |     3 |       ||     3
Armor: Leather armour    |    23 |    40 |       ||    63
Dodge: Dodged            |    73 |   168 |       ||   241
